 Dungeon Crawl Stone Soup version 0.22-a0-618-gd6a3efe (webtiles) character file.

41 Amnesiac the Magician (level 3, 0/24 HPs)
             Began as a Mummy Earth Elementalist on July 13, 2018.
             Slain by a hobgoblin (2 damage)
             ... on level 3 of the Dungeon.
             The game lasted 00:01:49 (714 turns).

Amnesiac the Magician (Mummy Earth Elementalist)     Turns: 714, Time: 00:01:49

Health: 0/24       AC:  2    Str: 11    XL:     3   Next: 32%
Magic:  0/7        EV: 12    Int: 15    God:
Gold:   14         SH:  0    Dex: 12    Spells: 5/8 levels left

rFire    x . .     SeeInvis .   f - +0 dagger
rCold    + . .     Gourm    .   (no shield)
rNeg     + + +     Faith    .   c - +0 robe
rPois    ∞         Spirit   .   (no helmet)
rElec    .         Reflect  .   (no cloak)
rCorr    .         Harm     .   (no gloves)
MR       .....                  (no boots)
Stlth    ++........             (no amulet)
HPRegen  0.08/turn              (no ring)
MPRegen  0.10/turn              (no ring)

@: very slightly contaminated
A: no food or potions, fire vulnerability, cold resistance 1, negative energy
resistance 3, torment resistance, unbreathing
a: no special abilities


You were on level 3 of the Dungeon.
You were not hungry.

You visited 1 branch of the dungeon, and saw 3 of its levels.

You collected 14 gold pieces.

Inventory:

Hand Weapons
 e - a +0 hand axe
 f - a +0 dagger (weapon)
Missiles
 b - 121 stones (quivered)
Armour
 c - a +0 robe (worn)
Scrolls
 a - a scroll of identify {!r, unknown}
 d - a scroll of enchant armour {!r, unknown}


   Skills:
 - Level 1.5 Dodging
 - Level 1.5 Stealth
 + Level 3.3 Spellcasting
 - Level 1.0 Transmutations
 * Level 3.3 Earth Magic


You had 5 spell levels left.
You knew the following spells:

 Your Spells              Type           Power        Failure   Level  Hunger
a - Sandblast             Erth           ##....       4%          1    N/A
b - Passwall              Tmut/Erth      #.......     12%         2    N/A

Your spell library contained the following spells:

 Spells                   Type           Power        Failure   Level  Hunger
 Stone Arrow              Conj/Erth      #.....       28%         3    N/A
 Lee's Rapid Deconstruct  Erth           ##........   80%         5    N/A
 Petrify                  Tmut/Erth      #.......     61%         4    N/A

Dungeon Overview and Level Annotations

Branches:
Dungeon (3/15)

Altars:


Innate Abilities, Weirdness & Mutations

You do not eat or drink.
Your flesh is vulnerable to fire.
You are immune to poison.
Your flesh is cold resistant. (rC+)
You are immune to negative energy. (rN+++)
You are immune to unholy pain and torment.
You can survive without breathing.


Message History

The orc is severely wounded.
The orc barely misses you.
Casting: Sandblast (safe; 4% risk of failure)
Confirm with . or Enter, or press ? or * to list all spells.
You don't have enough magic to cast that spell.
You hit the orc but do no damage.
The orc is severely wounded.
The orc barely misses you.
Casting: Sandblast (safe; 4% risk of failure)
Confirm with . or Enter, or press ? or * to list all spells.
You don't have enough magic to cast that spell.
You hit the orc.
The orc is almost dead.
The orc completely misses you.
Casting: Sandblast (safe; 4% risk of failure)
Confirm with . or Enter, or press ? or * to list all spells.
You don't have enough magic to cast that spell.
You barely miss the orc.
The orc is severely wounded.
The orc hits you.
* * * LOW HITPOINT WARNING * * *
Casting: Sandblast (safe; 4% risk of failure)
Confirm with . or Enter, or press ? or * to list all spells.
You don't have enough magic to cast that spell.
You hit the orc but do no damage.
The orc is severely wounded.
The orc barely misses you.
Casting: Sandblast (safe; 4% risk of failure)
Confirm with . or Enter, or press ? or * to list all spells.
You don't have enough magic to cast that spell.
You barely miss the orc.
The orc is severely wounded.
The orc hits you.
* * * LOW HITPOINT WARNING * * *
Casting: Sandblast (safe; 4% risk of failure)
Confirm with . or Enter, or press ? or * to list all spells.
Aiming: Sandblast (safe; 4% risk of failure)
Press: ? - help, Shift-Dir - straight line, f/p - orc
Aim: an orc, wearing a ring mail (severely wounded)
The blast of sand hits the orc.
The orc is severely wounded.
b - 121 stones The orc hits you.
* * * LOW HITPOINT WARNING * * *
You are too injured to fight recklessly!
Casting: Sandblast (safe; 4% risk of failure)
Confirm with . or Enter, or press ? or * to list all spells.
You don't have enough magic to cast that spell.
You are too injured to fight recklessly!
Casting: Sandblast (safe; 4% risk of failure)
Confirm with . or Enter, or press ? or * to list all spells.
You don't have enough magic to cast that spell.
You are too injured to fight recklessly!
Casting: Sandblast (safe; 4% risk of failure)
Confirm with . or Enter, or press ? or * to list all spells.
You don't have enough magic to cast that spell.
You are too injured to fight recklessly!
The orc hits you.
* * * LOW HITPOINT WARNING * * *
Press: ? - help, v - describe, . - travel
Here: an orc, wearing a ring mail (severely wounded)
The floor.
The hobgoblin hits you.
You die...

.. #.........# #....... ..>
#.........# #....... ....
#.........# #......† .....
#.......†.###.......
...g..#####..........##.......
.g..o..(.................##.##
......##(....##.#######..##.).
..... ###>#g.#.### #..##..#
#### #go#@....# .......#
##....##...##....#...
###.....# ##...##### #.###...
....# # ... ## ....# # ....
......... ....#..g. #...####
.....#.#.. #...##
....S...###....##


You could see a hobgoblin.

Vanquished Creatures
  2 adders (D:3)
  A worm (D:3)
  A leopard gecko (D:3)
  An orc (D:3)
  A goblin (D:3)
  3 hobgoblins
  2 ball pythons (D:2)
  5 frilled lizards
  4 kobolds
  3 rats (D:3)
23 creatures vanquished.

Notes
Turn   | Place    | Note
-------+----------+-------------------------------------------
     0 | D:1      | Amnesiac the Mummy Earth Elementalist began the quest for the Orb.
     0 | D:1      | Reached XP level 1. HP: 13/13 MP: 4/4
   440 | D:3      | Reached XP level 2. HP: 19/19 MP: 5/5
   444 | D:3      | Learned a level 2 spell: Passwall
   495 | D:3      | Reached skill level 1 in Transmutations
   562 | D:3      | Reached XP level 3. HP: 9/24 MP: 2/7
   714 | D:3      | Slain by a hobgoblin

Vault maps used:
D:1:      saegor_arrival_miasma
D:2:      minmay_door_path
D:3:      lemuel_zombie_altar_yredelemnul, first_ration,
          cheibrodos_sewer_entry_bend

Skill      XL: |  1  2 |
---------------+-------+-----
Spellcasting   | 3 |  3.3
Earth Magic    | 3 |  3.3
Transmutations | 1 |  1.0
Dodging        | |  1.5
Stealth        | |  1.5

Action                   || total
-------------------------++-------
Melee: Unarmed           ||    33
       Hand axe          ||     5
       Dagger            ||    10
 Cast: Sandblast         ||    26
 Stab: Sleeping          ||     3
Armor: Robe              ||     6
Dodge: Dodged            ||    41

Table legend:
 A = Spawn XP
 B = Non-spawn XP
 C = Spawn XP percentage of total XP
 D = Spawn monster count
 E = Non-spawn monster count
 F = Spawn count percentage of total count
 G = Total turns spent on level
                    A         B        C        D         E        F      G
               +---------+---------+-------+---------+---------+-------+---------
         Total |       0 |      59 |   0.0 |       0 |      23 |   0.0 |   714
               +---------+---------+-------+---------+---------+-------+---------
           D:1 |       0 |       4 |   0.0 |       0 |       3 |   0.0 |   149
           D:2 |       0 |       7 |   0.0 |       0 |       6 |   0.0 |   288
           D:3 |       0 |      48 |   0.0 |       0 |      14 |   0.0 |   277
               +---------+---------+-------+---------+---------+-------+---------
